PAAA
CALGARY LYNX @ PHOENIX HOTSPUR RESERVES
09/17/2032
 
TOP OF THE 1ST
Calgary Lynx batting - Pitching for Phoenix Hotspur Reserves : RHP Kenny Kawaguchi
Pitching: RHP Kenny Kawaguchi
Batting: RHB Dhyana Snigdha 0-0: Ball
1-0: Fly out, F9 (Flyball, 89S)
Batting: RHB Jing-sheng Joo 0-0: Ball
1-0: Ground out 5-3 (Groundball, 56)
Batting: LHB Michael Ward 0-0: Swinging Strike
0-1: Ball
1-1: Ball
2-1: Foul Ball, location: 2F
2-2: Ground out 5-3 (Groundball, 56)
Top of the 1st over - 0 runs, 0 hits, 0 errors, 0 left on base; Calgary 0 - Phoenix 0
BOTTOM OF THE 1ST
Phoenix Hotspur Reserves batting - Pitching for Calgary Lynx : LHP Miguel López
Pitching: LHP Miguel López
Batting: RHB Francisco Arriagada 0-0: Ball
1-0: Called Strike
1-1: Called Strike
1-2: Ground out 5-3 (Groundball, 56S)
Batting: RHB Solomon Norment 0-0: Ball
1-0: Called Strike
1-1: Foul Ball, location: 2F
1-2: Ball
2-2: Ball
3-2: Foul Ball, location: 2F
3-2: Foul Ball, location: 2F
3-2: Base on Balls
Batting: RHB Enrico Sánchez 0-0: Called Strike
0-1: SINGLE (Groundball, 56) (infield hit)
Solomon Norment to second
Batting: RHB Alex Niemann 0-0: Ball
1-0: Foul Ball, location: 2F
1-1: Called Strike
1-2: Ball
2-2: Foul Ball, location: 2F
2-2: Fly out, F8 (Flyball, 8LM)
Batting: RHB Satoshi Terada 0-0: Called Strike
0-1: Swinging Strike
0-2: Ball
1-2: Foul Ball, location: 2F
1-2: Ball
2-2: Foul Ball, location: 2F
2-2: SINGLE (Line Drive, 6MD)
Solomon Norment to third
Enrico Sánchez to second
Runner from 3rd tries for Home, SAFE, no throw
Batting: RHB Bernardo Rivera 0-0: Called Strike
0-1: Foul Ball, location: 2F
0-2: Ball
1-2: SINGLE (Line Drive, 4D)
Enrico Sánchez to third
Satoshi Terada to second
Runner from 3rd tries for Home, SAFE, no throw
Batting: RHB Carl Tucker 0-0: Fly out, F8 (Line Drive, 78M)
Bottom of the 1st over - 2 runs, 3 hits, 0 errors, 2 left on base; Calgary 0 - Phoenix 2
TOP OF THE 2ND
Calgary Lynx batting - Pitching for Phoenix Hotspur Reserves : RHP Kenny Kawaguchi
Batting: SHB Ted Striker 0-0: Ball
1-0: Foul Ball, location: 2F
1-1: Foul Ball, location: 2F
1-2: Strikes out swinging
Batting: LHB Bennett Whitford 0-0: Ball
1-0: Ball
2-0: Fly out, F7 (Line Drive, 78S)
Batting: RHB Ángelo Delgado 0-0: Ball
1-0: Foul Ball, location: 2F
1-1: Foul Ball, location: 2F
1-2: Ball
2-2: Foul Ball, location: 2F
2-2: Fly out, F5 (Line Drive, 6S)
Top of the 2nd over - 0 runs, 0 hits, 0 errors, 0 left on base; Calgary 0 - Phoenix 2
BOTTOM OF THE 2ND
Phoenix Hotspur Reserves batting - Pitching for Calgary Lynx : LHP Miguel López
Batting: RHB Ryan Pollock 0-0: Called Strike
0-1: Ground out 6-3 (Groundball, 6)
Batting: SHB Jesús González 0-0: Ball
1-0: Fly out, F8 (Flyball, 8RM)
Batting: RHB Francisco Arriagada 0-0: Called Strike
0-1: Ball
1-1: Ball
2-1: Ball
3-1: Swinging Strike
3-2: Foul Ball, location: 2F
3-2: Strikes out swinging
Bottom of the 2nd over - 0 runs, 0 hits, 0 errors, 0 left on base; Calgary 0 - Phoenix 2
TOP OF THE 3RD
Calgary Lynx batting - Pitching for Phoenix Hotspur Reserves : RHP Kenny Kawaguchi
Batting: LHB Juan Aranda 0-0: Ball
1-0: Swinging Strike
1-1: Called Strike
1-2: Ball
2-2: Ground out 3-1 (Groundball, 34S)
Batting: RHB José de la Cavallería 0-0: Ball
1-0: Fly out, F9 (Line Drive, 9S)
Batting: RHB Michael Garrett 0-0: Ball
1-0: Foul Ball, location: 2F
1-1: Ground out 5-3 (Groundball, 5)
Top of the 3rd over - 0 runs, 0 hits, 0 errors, 0 left on base; Calgary 0 - Phoenix 2
BOTTOM OF THE 3RD
Phoenix Hotspur Reserves batting - Pitching for Calgary Lynx : LHP Miguel López
Batting: RHB Solomon Norment 0-0: Ball
1-0: Ground out 4-3 (Groundball, 4)
Batting: RHB Enrico Sánchez 0-0: Called Strike
0-1: Foul Ball, location: 2F
0-2: Foul Ball, location: 2F
0-2: Ground out 6-3 (Groundball, 6)
Batting: RHB Alex Niemann 0-0: Swinging Strike
0-1: Ball
1-1: Ball
2-1: Ball
3-1: Foul Ball, location: 2F
3-2: Ground out 3-1 (Groundball, 34S)
Bottom of the 3rd over - 0 runs, 0 hits, 0 errors, 0 left on base; Calgary 0 - Phoenix 2
TOP OF THE 4TH
Calgary Lynx batting - Pitching for Phoenix Hotspur Reserves : RHP Kenny Kawaguchi
Batting: RHB Dhyana Snigdha 0-0: Ball
1-0: Called Strike
1-1: Foul Ball, location: 2F
1-2: Strikes out swinging
Batting: RHB Jing-sheng Joo 0-0: Ball
1-0: Ball
2-0: SINGLE (Groundball, 6D)
Batting: LHB Michael Ward 0-0: Ball
Wild Pitch!
Jing-sheng Joo to second
1-0: Called Strike
1-1: SINGLE (Groundball, 3D)
Jing-sheng Joo to third
Batting: SHB Ted Striker 0-0: Ball
1-0: Fly out, F4 (Line Drive, 4)
Batting: LHB Bennett Whitford 0-0: Swinging Strike
0-1: Ball
1-1: Swinging Strike
1-2: Ball
2-2: DOUBLE (Line Drive, 9LM)
Jing-sheng Joo scores
Michael Ward to third
Runner from 3rd tries for Home, SAFE, no throw
Batting: RHB Ángelo Delgado 0-0: Called Strike
0-1: Ball
1-1: Ball
2-1: SINGLE (Flyball, 5D)
Bennett Whitford to third
Runner from 3rd tries for Home, SAFE, no throw
Batting: LHB Juan Aranda 0-0: Ball
1-0: Ball
2-0: Ball
3-0: Base on Balls
Ángelo Delgado to second
Batting: RHB José de la Cavallería 0-0: Called Strike
0-1: Ball
1-1: Called Strike
1-2: Ball
2-2: Ball
3-2: Base on Balls
Ángelo Delgado to third
Juan Aranda to second
Batting: RHB Michael Garrett 0-0: Foul Ball, location: 2F
0-1: Called Strike
0-2: SINGLE (Line Drive, 56)
Ángelo Delgado scores
Juan Aranda to third
José de la Cavallería to second
Runner from 3rd tries for Home, SAFE, no throw
Batting: RHB Dhyana Snigdha 0-0: Ball
1-0: Called Strike
1-1: Foul Ball, location: 2F
1-2: Strikes out looking
Top of the 4th over - 5 runs, 5 hits, 0 errors, 2 left on base; Calgary 5 - Phoenix 2
BOTTOM OF THE 4TH
Phoenix Hotspur Reserves batting - Pitching for Calgary Lynx : LHP Miguel López
Batting: RHB Satoshi Terada 0-0: Ball
1-0: Foul Ball, location: 2F
1-1: Ball
2-1: Called Strike
2-2: Strikes out swinging
Batting: RHB Bernardo Rivera 0-0: Called Strike
0-1: Ball
1-1: Ball
2-1: Ball
3-1: Base on Balls
Batting: RHB Carl Tucker 0-0: Grounds into double play, 6-4-3 (Groundball, 56)
Bottom of the 4th over - 0 runs, 0 hits, 0 errors, 0 left on base; Calgary 5 - Phoenix 2
TOP OF THE 5TH
Calgary Lynx batting - Pitching for Phoenix Hotspur Reserves : RHP Kenny Kawaguchi
Batting: RHB Jing-sheng Joo 0-0: Ball
1-0: Ball
2-0: Foul Ball, location: 2F
2-1: Foul Ball, location: 2F
2-2: Ball
3-2: Strikes out swinging
Batting: LHB Michael Ward 0-0: Ball
1-0: Foul Ball, location: 2F
1-1: Ball
2-1: Called Strike
2-2: Ball
3-2: TRIPLE (Line Drive, 8LXD)
Batting: SHB Ted Striker 0-0: Called Strike
0-1: Fly out, F9 (Flyball, 9LDF)
Runner from 3rd tags up, SCORES, no throw
Batting: LHB Bennett Whitford 0-0: Ball
1-0: Foul Ball, location: 2F
1-1: Fly out, F8 (Flyball, 78S)
Top of the 5th over - 1 run, 1 hit, 0 errors, 0 left on base; Calgary 6 - Phoenix 2
BOTTOM OF THE 5TH
Phoenix Hotspur Reserves batting - Pitching for Calgary Lynx : LHP Miguel López
Batting: RHB Ryan Pollock 0-0: Foul Ball, location: 2F
0-1: Ball
1-1: Ball
2-1: Ground out 5-3 (Groundball, 56S)
Batting: SHB Jesús González 0-0: Ball
1-0: Swinging Strike
1-1: Called Strike
1-2: Ball
2-2: Strikes out swinging
Batting: RHB Francisco Arriagada 0-0: Swinging Strike
0-1: Ball
1-1: Foul Ball, location: 2F
1-2: Ball
2-2: Strikes out swinging
Bottom of the 5th over - 0 runs, 0 hits, 0 errors, 0 left on base; Calgary 6 - Phoenix 2
TOP OF THE 6TH
Calgary Lynx batting - Pitching for Phoenix Hotspur Reserves : RHP Kenny Kawaguchi
Pitching: RHP Vernon Turner
Batting: RHB Ángelo Delgado 0-0: Called Strike
0-1: Called Strike
0-2: Ball
1-2: Ball
2-2: Foul Ball, location: 2F
2-2: Ball
3-2: Fly out, F7 (Flyball, 7LSF)
Batting: LHB Juan Aranda 0-0: Called Strike
0-1: SINGLE (Line Drive, 56D)
Batting: RHB José de la Cavallería 0-0: Ball
Juan Aranda steals 2nd base
1-0: Called Strike
1-1: 2-RUN HOME RUN (Flyball, 7LD), Distance : 345 ft
Batting: RHB Michael Garrett 0-0: Ball
1-0: SINGLE (Groundball, 6D)
Batting: RHB Dhyana Snigdha 0-0: Ball
1-0: Fly out, F9 (Flyball, 9)
Batting: RHB Jing-sheng Joo 0-0: Called Strike
0-1: Ball
1-1: Foul Ball, location: 2F
1-2: Foul Ball, location: 2F
1-2: Ball
2-2: Strikes out swinging
Top of the 6th over - 2 runs, 3 hits, 0 errors, 1 left on base; Calgary 8 - Phoenix 2
BOTTOM OF THE 6TH
Phoenix Hotspur Reserves batting - Pitching for Calgary Lynx : LHP Miguel López
Batting: RHB Solomon Norment 0-0: Ball
1-0: Called Strike
1-1: Called Strike
1-2: Ball
2-2: Ball
3-2: Fly out, F4 (Line Drive, 4)
Batting: RHB Enrico Sánchez 0-0: Ball
1-0: Ball
2-0: Ball
3-0: Base on Balls
Batting: RHB Alex Niemann 0-0: Ball
1-0: Ball
2-0: SINGLE (Groundball, 56D)
Enrico Sánchez to second
Batting: RHB Satoshi Terada 0-0: Ball
1-0: Swinging Strike
1-1: Ball
2-1: Foul Ball, location: 2F
2-2: Ball
3-2: Strikes out swinging
Batting: RHB Bernardo Rivera 0-0: Called Strike
0-1: Ball
1-1: Ball
2-1: SINGLE (Groundball, 13S) (infield hit)
Enrico Sánchez to third
Alex Niemann to second
Pitching: RHP Jesús Hernández
Batting: RHB Carl Tucker 0-0: Swinging Strike
0-1: Ball
1-1: Swinging Strike
1-2: Ball
2-2: Ball
3-2: SINGLE (Flyball, 89M)
Enrico Sánchez scores
Alex Niemann to third
Bernardo Rivera to second
Alex Niemann scores
Bernardo Rivera to third
Batting: RHB Ryan Pollock 0-0: Called Strike
0-1: Foul Ball, location: 2F
0-2: Strikes out looking
Bottom of the 6th over - 2 runs, 3 hits, 0 errors, 2 left on base; Calgary 8 - Phoenix 4
TOP OF THE 7TH
Calgary Lynx batting - Pitching for Phoenix Hotspur Reserves : RHP Vernon Turner
Batting: LHB Michael Ward 0-0: Foul Ball, location: 2F
0-1: Swinging Strike
0-2: Foul Ball, location: 2F
0-2: Ball
1-2: Foul Ball, location: 2F
1-2: Hit by Pitch
Batting: SHB Ted Striker 0-0: Ball
1-0: Fly out, F9 (Flyball, 9S)
Batting: LHB Bennett Whitford 0-0: Ball
1-0: Foul Ball, location: 2F
1-1: Swinging Strike
1-2: Ball
2-2: DOUBLE (Flyball, 78D)
Michael Ward to third
Michael Ward scores
Batting: RHB Ángelo Delgado 0-0: Ball
1-0: SINGLE (Flyball, 8LS)
Bennett Whitford to third
Batting: LHB Juan Aranda 0-0: Fly out, F8 (Flyball, 8RD)
Runner from 3rd tags up, OUT at HOME
Top of the 7th over - 1 run, 2 hits, 0 errors, 1 left on base; Calgary 9 - Phoenix 4
BOTTOM OF THE 7TH
Phoenix Hotspur Reserves batting - Pitching for Calgary Lynx : RHP Jesús Hernández
Batting: SHB Jesús González 0-0: Ground out 4-3 (Groundball, 34)
Batting: RHB Francisco Arriagada 0-0: Ground out 6-3 (Groundball, 6)
Batting: RHB Solomon Norment 0-0: Fly out, F9 (Flyball, 9S)
Bottom of the 7th over - 0 runs, 0 hits, 0 errors, 0 left on base; Calgary 9 - Phoenix 4
TOP OF THE 8TH
Calgary Lynx batting - Pitching for Phoenix Hotspur Reserves : RHP Vernon Turner
Batting: RHB José de la Cavallería 0-0: Called Strike
0-1: Called Strike
0-2: Ball
1-2: Ball
2-2: Strikes out swinging
Batting: RHB Michael Garrett 0-0: Foul Ball, location: 2F
0-1: Foul Ball, location: 2F
0-2: Ball
1-2: Foul Ball, location: 2F
1-2: Fly out, F8 (Line Drive, 89M)
Batting: RHB Dhyana Snigdha 0-0: Ball
1-0: Ground out 4-3 (Groundball, 4)
Top of the 8th over - 0 runs, 0 hits, 0 errors, 0 left on base; Calgary 9 - Phoenix 4
BOTTOM OF THE 8TH
Phoenix Hotspur Reserves batting - Pitching for Calgary Lynx : RHP Jesús Hernández
Batting: RHB Enrico Sánchez 0-0: Swinging Strike
0-1: Foul Ball, location: 2F
0-2: Ball
1-2: DOUBLE (Groundball, 5L)
Batting: RHB Alex Niemann 0-0: Ball
1-0: Called Strike
1-1: Ground out 6-3 (Groundball, 6)
Enrico Sánchez to third
Batting: RHB Satoshi Terada 0-0: Called Strike
0-1: Fly out, F8 (Flyball, 8LS)
Runner from 3rd tags up, SCORES, no throw
Batting: RHB Bernardo Rivera 0-0: Called Strike
0-1: Foul Ball, location: 2F
0-2: Ball
1-2: Ball
2-2: Ball
3-2: Base on Balls
Batting: RHB Carl Tucker 0-0: Fly out, F6 (Popup, 4M)
Bottom of the 8th over - 1 run, 1 hit, 0 errors, 1 left on base; Calgary 9 - Phoenix 5
TOP OF THE 9TH
Calgary Lynx batting - Pitching for Phoenix Hotspur Reserves : RHP Vernon Turner
Pitching: RHP Alexander Weareorwear
Batting: RHB Jing-sheng Joo 0-0: Ball
1-0: SINGLE (Groundball, 4MS) (infield hit)
Batting: LHB Michael Ward 0-0: Ball
1-0: Swinging Strike
1-1: SINGLE (Groundball, 4MD)
Jing-sheng Joo to second
Runner from 2nd tries for 3rd, OUT!
Batting: SHB Ted Striker 0-0: Ball
1-0: Called Strike
1-1: Foul Ball, location: 2F
1-2: Fly out, F7 (Flyball, 7LMF)
Batting: LHB Bennett Whitford 0-0: Called Strike
0-1: Called Strike
0-2: Ball
1-2: Foul Ball, location: 2F
1-2: Ball
2-2: Ball
3-2: Foul Ball, location: 2F
3-2: Strikes out swinging
Top of the 9th over - 0 runs, 2 hits, 0 errors, 1 left on base; Calgary 9 - Phoenix 5
BOTTOM OF THE 9TH
Phoenix Hotspur Reserves batting - Pitching for Calgary Lynx : RHP Jesús Hernández
Batting: RHB Ryan Pollock 0-0: Ball
1-0: Ball
2-0: Ball
3-0: Called Strike
3-1: Fly out, F8 (Flyball, 8RXD)
Batting: SHB Jesús González 0-0: Ball
1-0: Swinging Strike
1-1: DOUBLE (Line Drive, 78D)
Batting: RHB Francisco Arriagada 0-0: Called Strike
0-1: Foul Ball, location: 2F
0-2: Foul Ball, location: 2F
0-2: Fly out, F9 (Flyball, 89D)
Runner from 2nd tags up, SAFE at 3rd, no throw
Batting: RHB Solomon Norment 0-0: Called Strike
0-1: Called Strike
0-2: Ball
1-2: Strikes out looking
Bottom of the 9th over - 0 runs, 1 hit, 0 errors, 1 left on base; Calgary 9 - Phoenix 5
Wednesday, September 19th, 2018 - OOTP Baseball 18.8 Build 76